 Dungeon Crawl Stone Soup version 0.21-a0-450-gd87a9b2 (webtiles) character file.

156 mortelune the Skirmisher (level 5, -5/35 HPs)
             Began as a Gargoyle Fighter on Nov 18, 2017.
             Killed by divine providence
             ... invoked by an orc priest
              (10 damage)
             ... on level 3 of the Dungeon.
             The game lasted 00:05:34 (1637 turns).

mortelune the Skirmisher (Gargoyle Fighter)         Turns: 1637, Time: 00:05:35

Health: -5/35      AC: 16    Str: 26    XL:     5   Next: 37%
Magic:  5/5        EV:  7    Int:  8    God:
Gold:   110        SH:  9    Dex:  9    Spells: 4/4 levels left

rFire    . . .     SeeInvis +   g - +3 mace
rCold    . . .     Gourm    .   c - +0 shield
rNeg     + . .     Faith    .   b - +0 scale mail
rPois    ∞         Spirit   .   (no helmet)
rElec    +         Reflect  .   (no cloak)
rCorr    .         Harm     .   (no gloves)
MR       .....                  (no boots)
Stlth    ..........             (no amulet)
HPRegen  0.11/turn              q - ring of see invisible
MPRegen  0.09/turn              u - +6 ring of protection

@: mighty
A: negative energy resistance 1, electricity resistance, unbreathing,
petrification resistance, rot immunity, AC +4
a: no special abilities


You were on level 3 of the Dungeon.
You were hungry.

You visited 1 branch of the dungeon, and saw 3 of its levels.

You collected 110 gold pieces.

Inventory:

Hand Weapons
 a - a +0 flail
 g - a +3 mace (weapon)
 i - a +0 hunting sling
Missiles
 e - 82 stones (quivered)
Armour
 b - a +0 scale mail (worn)
 c - a +0 shield (worn)
 o - a +0 plate armour
Jewellery
 q - a ring of see invisible (left hand)
 u - a +6 ring of protection (right hand)
Scrolls
 j - 2 scrolls of recharging {unknown}
 l - a scroll of amnesia {unknown}
 m - 2 scrolls of identify
 p - a scroll of teleportation {unknown}
 w - a scroll of enchant weapon {unknown}
Potions
 d - a potion of might
 k - 2 potions of ambrosia {unknown}
 n - a potion of flight {unknown}
 r - a potion of curing {unknown}
 s - 2 potions of magic
 v - a potion of cancellation {unknown}
 x - a potion of heal wounds {unknown}
Comestibles
 f - 3 bread rations
 h - a meat ration
 t - 4 fruits


   Skills:
 + Level 5.1 Fighting
 + Level 4.0 Maces & Flails
 - Level 3.2 Armour
 - Level 3.2 Shields


You had 4 spell levels left.
You didn't know any spells.

Dungeon Overview and Level Annotations

Branches:
Dungeon (3/15)

Altars:
Nemelex Xobeh


Innate Abilities, Weirdness & Mutations

You are resistant to torment.
Your stone body is resilient. (AC +4)
You are immune to poison.
You resist negative energy. (rN+)
You are resistant to electric shocks. (rElec)
You can survive without breathing.
You are immune to petrification.
You are immune to rotting.


Message History

The orc is severely wounded.
You block the orc's attack.
The orc priest calls upon Beogh to heal the orc.
The orc is healed somewhat.
You closely miss the orc.
The orc is lightly wounded.
You block the orc's attack.
The orc priest calls down the wrath of Beogh upon you.
Beogh smites you!
* * * LOW HITPOINT WARNING * * *
You hit the orc.
The orc is severely wounded.
You block the orc's attack.
The orc priest calls upon Beogh to heal the orc.
The orc is healed somewhat.
You feel very mighty all of a sudden. You block the orc's attack.
The orc priest invokes the aid of Beogh against you.
Beogh smites you!
You die...

#.#
#............#
#.#
############.#
#.# #.# #.#
#.# #†# #.#
#.# #.# #.#
#.# ##.##
############.#
##...#
#oo@.........#
.....#
#o############
##...# #.#
##### #o# #S#
#### #.# ....


ooo #### #.# #oo You could see an orc priest and 2 orcs.

Vanquished Creatures
  An orc priest (D:3)
  6 adders
  2 oozes
  4 worms
  A dart slug (D:1)
  A leopard gecko (D:1)
  An orc (D:3)
  A ball python (D:2)
  3 goblins
  6 hobgoblins
  7 jackals (D:2)
  A quokka (D:3)
  5 bats
  A frilled lizard (D:3)
  3 kobolds
  10 rats
53 creatures vanquished.

Notes
Turn   | Place    | Note
-------+----------+-------------------------------------------
     0 | D:1      | mortelune the Gargoyle Fighter began the quest for the Orb.
     0 | D:1      | Reached XP level 1. HP: 14/14 MP: 1/1
   130 | D:1      | Reached XP level 2. HP: 19/20 MP: 2/2
   795 | D:2      | Reached skill level 4 in Fighting
   795 | D:2      | Reached XP level 3. HP: 23/24 MP: 3/3
   914 | D:2      | Reached XP level 4. HP: 12/30 MP: 4/4
  1145 | D:2      | Found a sparkling altar of Nemelex Xobeh.
  1559 | D:3      | Reached XP level 5. HP: 34/34 MP: 5/5
  1619 | D:3      | Reached skill level 5 in Fighting
  1637 | D:3      | Killed from afar by an orc priest

Vault maps used:
D:1:      minmay_arrival_split_and_join
D:2:      nicolae_overflow_crystal_walls, first_bread
D:3:      lemuel_doored_altar

Skill      XL: |  1  2  3  4  5 |
---------------+----------------+-----
Fighting       | 4 5 |  5.1
Maces & Flails | 3 4 |  4.0
Armour         | |  3.2
Shields        | |  3.2

Action                   |  1- 3 |  4- 6 || total
-------------------------+-------+-------++-------
Melee: Mace              |    67 |    91 ||   158
       Flail             |     8 |       ||     8
 Fire: Hunting sling     |     6 |       ||     6
  Use: Scroll            |       |     1 ||     1
       Potion            |       |     1 ||     1
  Eat: Chunk             |       |     2 ||     2
Armor: Scale mail        |   133 |    48 ||   181
Dodge: Dodged            |    70 |    20 ||    90
Block: Shield            |    95 |    56 ||   151

Table legend:
 A = Spawn XP
 B = Non-spawn XP
 C = Spawn XP percentage of total XP
 D = Spawn monster count
 E = Non-spawn monster count
 F = Spawn count percentage of total count
 G = Total turns spent on level
                    A         B        C        D         E        F      G
               +---------+---------+-------+---------+---------+-------+---------
         Total |       0 |     223 |   0.0 |       0 |      53 |   0.0 |  1637
               +---------+---------+-------+---------+---------+-------+---------
           D:1 |       0 |      25 |   0.0 |       0 |      11 |   0.0 |   787
           D:2 |       0 |     110 |   0.0 |       0 |      30 |   0.0 |   649
           D:3 |       0 |      88 |   0.0 |       0 |      12 |   0.0 |   201
               +---------+---------+-------+---------+---------+-------+---------
